Map: Ever Dream LE

Players

Silky - Winner!

  • Race: Zerg Zerg
  • Spawn Location: 7:00

Vindicta

  • Race: Terran Terran
  • League: Master
  • Spawn Location: 1:00

Event: DreamHack SC2 Masters 2020 Fall

VOD

Have the link to the VOD?

Description

Time

  • Played on: Sept. 4, 2020, 3:40 p.m.
  • Length: 16:02

All games in this series

Show
View Real Time Build Order
Export as new Build Order

Silky Zerg - Winner!

Build Orders: Hatch First, Muta Ling Bane 

Get SALT Encoding   

  12  0:00  Drone  
  13  0:12  Overlord  
  13  0:16  Drone  
  14  0:31  Drone x2  
  16  0:48  Hatchery  
  15  0:50  Drone  
  15  0:54  Drone  
  17  0:57  Drone  
  18  1:08  Extractor  
  17  1:12  Spawning Pool  
  17  1:16  Drone  
  17  1:19  Drone  
  18  1:28  Drone  
  19  1:39  Drone  
  20  1:50  Overlord  
  20  1:59  Queen x2  
  20  2:00  Zergling x4  
  26  2:08  Metabolic Boost  
  26  2:10  Drone  
  26  2:11  Drone  
  28  2:21  Drone  
  28  2:22  Drone  
  30  2:32  Drone  
  30  2:36  Hatchery  
  30  2:40  Drone  
  30  2:44  Overlord  
  31  2:46  Drone  
  31  2:54  Queen  
  31  2:56  Drone x2  
  35  3:04  Drone x2  
  37  3:08  Drone  
  37  3:10  Drone x2  
  40  3:14  Overlord  
  40  3:16  Drone  
  41  3:28  Drone x2  
  41  3:32  Queen  
  45  3:37  Overlord  
  45  3:38  Drone  
  45  3:41  Zergling x8  
  50  3:42  Overlord  
  50  3:43  Drone  
  51  3:49  Queen, Drone  
  51  3:51  Drone  
  51  3:55  Baneling Nest  
  54  3:56  Drone  
  54  3:59  Drone  
  54  4:02  Drone x2, Extractor  
  57  4:06  Lair  
  57  4:09  Spore Crawler  
  56  4:10  Overlord  
  56  4:16  Spore Crawler  
  55  4:17  Queen  
  55  4:19  Zergling x2  
  55  4:20  Zergling x2  
  59  4:25  Overlord  
  59  4:26  Drone x2  
  59  4:29  Overlord  
  59  4:30  Zergling x2  
  62  4:32  Zergling x4  
  62  4:37  Drone x2, Extractor x2  
  62  4:38  Extractor  
  63  4:40  Zergling x2  
  63  4:41  Drone  
  65  4:47  Drone x4  
  65  4:49  Drone x2  
  65  4:51  Drone  
  65  4:52  Drone  
  73  4:54  Drone  
  73  4:59  Drone  
  76  5:00  Drone x2  
  77  5:09  Zergling x4  
  77  5:11  Drone  
  75  5:16  Zergling x4  
  75  5:17  Zergling x2  
  67  5:25  Drone x2  
  67  5:26  Spire  
  66  5:32  Drone x4  
  66  5:35  Drone x3  
  65  5:37  Drone x2  
  68  5:44  Drone x3  
  71  5:50  Centrifical Hooks  
  71  5:54  Drone x2  
  73  5:57  Drone  
  73  5:58  Extractor x2  
  72  6:06  Evolution Chamber, Drone x3  
  72  6:07  Hatchery, Evolution Chamber, Drone  
  72  6:08  Drone  
  72  6:09  Drone  
  75  6:18  Drone x3  
  78  6:27  Drone x2  
  78  6:28  Zergling x6  
  83  6:33  Zerg Ground Armor Level 1  
  83  6:34  Zergling x6, Zerg Melee Weapons Level 1  
  83  6:35  Zergling x6  
  89  6:40  Overlord  
  89  6:41  Zergling x2  
  89  6:48  Overlord  
  89  6:53  Zerg Flyer Weapons Level 1  
  89  6:54  Overlord x2  
  89  6:55  Overlord  
  88  7:11  Baneling x5  
  88  7:12  Baneling x2  
  88  7:13  Mutalisk x3  
  88  7:14  Mutalisk x3  
  100  7:15  Zergling x4  
  100  7:16  Zergling x4  
  100  7:22  Zergling x6  
  105  7:27  Mutalisk x2  
  105  7:28  Zergling x4  
  105  7:29  Zergling x2  
  110  7:32  Overseer  
  110  7:33  Overseer  
  110  7:35  Drone  
  110  7:36  Drone x4  
  115  7:39  Mutalisk  
  115  7:42  Baneling x3  
  115  7:43  Zergling x4  
  119  7:47  Zergling x2  
  119  7:51  Overlord x4  
  120  7:54  Overlord  
  118  7:58  Overlord  
  118  8:03  Drone  
  118  8:04  Infestation Pit, Drone  
  118  8:05  Overlord x2  
  119  8:06  Pneumatized Carapace  
  119  8:10  Drone x5  
  119  8:11  Drone  
  125  8:16  Mutalisk x3  
  125  8:19  Drone x3  
  132  8:21  Baneling x4, Extractor  
  132  8:25  Baneling x3  
  132  8:26  Baneling  
  131  8:28  Zergling x10  
  131  8:29  Zergling x2  
  131  8:31  Mutalisk  
  131  8:33  Overlord  
  137  8:41  Mutalisk  
  137  8:47  Hatchery, Zerg Melee Weapons Level 2  
  138  8:51  Zergling x12  
  138  8:52  Zergling x2  
  145  9:01  Overlord, Mutalisk x2  
  147  9:04  Zergling x14  
  147  9:05  Zergling x2  
  147  9:09  Baneling x9  
  155  9:14  Zergling x12  
  161  9:23  Zerg Ground Armor Level 2  
  161  9:28  Zergling x2  
  161  9:29  Zergling x18  
  170  9:38  Mutalisk x3  
  171  9:40  Zergling x12  
  171  9:41  Overlord  
  181  9:46  Overseer  
  181  9:48  Baneling x2  
  181  9:51  Overlord  
  179  9:54  Overlord  
  179  9:55  Mutalisk x2  
  179  9:59  Drone x4  
  182  10:00  Drone x3  
  180  10:07  Hive  
  180  10:09  Zergling x2  
  180  10:10  Zergling x12  
  180  10:13  Overlord  
  184  10:14  Mutalisk  
  184  10:19  Unknown  
  185  10:22  Zergling x16  
  185  10:27  Drone  
  185  10:28  Drone x4  
  198  10:33  Baneling x7  
  198  10:35  Zergling x4  
  199  10:46  Hatchery  
  199  10:48  Baneling x11  
  193  10:50  Baneling  
  193  10:51  Baneling  
  193  10:55  Zergling x2  
  193  10:56  Zergling x28  
  184  11:04  Zergling x16  
  182  11:12  Mutalisk x3  
  183  11:19  Zergling x2  
  183  11:20  Zergling x18  
  183  11:23  Adrenal Glands  
  183  11:24  Ultralisk Cavern  
  187  11:28  Zergling x8  
  187  11:32  Baneling x6  
  191  11:33  Zerg Melee Weapons Level 3  
  191  11:35  Zergling x4  
  191  11:36  Zergling x4  
  193  11:44  Zerg Ground Armor Level 3  
  193  11:50  Zergling x14  
  200  11:56  Overlord  
  200  11:57  Overlord  
  200  11:58  Overseer x2  
  193  12:08  Zergling x26  
  187  12:14  Chitinous Plating  
  194  12:18  Baneling x15  
  191  12:24  Zergling x14  
  198  12:42  Zergling x14  
  198  12:46  Mutalisk x5  
  194  12:52  Overlord  
  194  12:54  Zergling x12  
  194  12:55  Zergling x2  
  192  13:09  Drone x5  
  192  13:10  Drone  
  194  13:20  Baneling  
  194  13:21  Baneling x40  
  194  13:23  Ultralisk  
  198  13:33  Anabolic Synthesis  
  197  13:34  Overseer x2  
  197  13:35  Overseer x2  
  177  13:50  Ultralisk x3  
  184  13:56  Zergling x34  
  197  14:09  Overlord  
  197  14:14  Ultralisk  
  199  14:18  Zergling x2  
  200  14:26  Overlord  
  195  14:40  Zergling x8  
  195  14:44  Baneling, Spire  
  195  14:45  Baneling x8  
  198  14:53  Zergling x2  
  197  15:01  Baneling x15  
  197  15:04  Zergling x2  
  197  15:05  Zergling x2  
  179  15:15  Overlord  
  164  15:23  Zergling x2  
  164  15:24  Zergling x54  
  194  15:28  Drone x2  
  194  15:29  Drone x3  
  194  15:35  Zergling x12  
  200  15:36  Baneling  
  200  15:37  Baneling  
  200  15:43  Zergling x2  
  200  15:44  Zergling x2  
  200  15:45  Overseer  
Show
View Real Time Build Order
Export as new Build Order

Vindicta Terran 

Build Orders: Liberator Opening, Reaper Expand 

Get SALT Encoding   

  12  0:00  SCV  
  13  0:12  SCV  
  14  0:17  Supply Depot  
  14  0:24  SCV  
  15  0:38  SCV  
  15  0:41  Barracks  
  16  0:44  Refinery  
  16  0:50  SCV  
  17  1:02  SCV  
  18  1:15  SCV  
  19  1:28  Reaper, Orbital Command  
  20  1:39  Command Center  
  20  1:47  Supply Depot  
  20  1:53  SCV  
  21  2:00  Marine  
  22  2:05  SCV  
  23  2:11  Factory  
  23  2:17  SCV, Refinery  
  23  2:21  Barracks Reactor  
  24  2:29  SCV  
  25  2:41  SCV  
  26  2:54  Orbital Command  
  26  2:55  SCV  
  27  3:01  Starport  
  27  3:04  Hellion x2, Marine  
  32  3:07  SCV  
  33  3:13  Supply Depot  
  33  3:19  SCV  
  35  3:20  SCV  
  35  3:26  Hellion x2  
  39  3:32  SCV x2, Barracks Tech Lab  
  41  3:38  Liberator  
  44  3:44  SCV x2, Supply Depot  
  46  3:50  Hellion  
  46  3:52  Hellion  
  50  3:56  SCV x2, Stimpack  
  52  4:08  SCV x2  
  54  4:13  Command Center  
  54  4:18  Hellion  
  54  4:20  SCV  
  54  4:21  Hellion  
  59  4:25  SCV  
  60  4:32  SCV  
  60  4:33  Supply Depot  
  60  4:35  Starport Reactor  
  60  4:37  SCV  
  62  4:38  Barracks  
  62  4:44  Barracks  
  62  4:52  Engineering Bay x2  
  62  4:53  Factory Reactor, Refinery  
  62  4:55  SCV x2, Marine  
  65  5:07  SCV x2  
  65  5:13  Marine  
  68  5:19  SCV x2  
  63  5:21  Terran Infantry Weapons Level 1, Terran Infantry Armor Level 1  
  63  5:25  Orbital Command  
  63  5:26  Refinery  
  62  5:31  SCV, Marine x2  
  59  5:38  Combat Shield  
  59  5:39  Marine  
  59  5:40  SCV  
  55  5:43  SCV, Marine  
  55  5:44  Medivac x2  
  55  5:46  Factory Reactor  
  55  5:47  Barracks  
  55  5:48  Barracks  
  55  5:49  Marine x2  
  63  5:50  Marine  
  63  5:52  SCV  
  63  5:56  Marine  
  66  5:57  Supply Depot  
  66  6:01  Marine  
  67  6:04  SCV x2  
  67  6:06  Marine  
  67  6:07  Orbital Command, Marine  
  67  6:09  Marine  
  72  6:14  Marine  
  72  6:16  SCV  
  72  6:17  SCV  
  74  6:19  Marine  
  74  6:21  Supply Depot  
  74  6:22  Supply Depot  
  74  6:24  Medivac  
  74  6:25  Medivac  
  79  6:28  Widow Mine x2  
  79  6:29  SCV x2, Marine  
  79  6:32  Marine  
  88  6:34  SCV  
  88  6:36  Barracks Reactor x2  
  88  6:40  Marine x2  
  88  6:41  SCV, Marine  
  92  6:47  Marine  
  92  6:49  Marine  
  92  6:50  SCV, Bunker, Widow Mine x2  
  92  6:52  SCV  
  100  6:55  Refinery  
  100  6:58  Marine  
  100  6:59  Marine  
  100  7:01  Armory  
  102  7:02  Marine  
  102  7:03  SCV x2  
  102  7:07  Missile Turret  
  102  7:08  Missile Turret  
  102  7:10  Missile Turret, Marine  
  102  7:12  Marine  
  102  7:14  Widow Mine  
  106  7:16  Marine  
  106  7:17  Marine x2  
  109  7:31  SCV x2, Supply Depot, Marine x2  
  109  7:35  Factory  
  113  7:38  Marine x2  
  113  7:39  Marine x2  
  117  7:44  Supply Depot  
  117  7:46  Marine x2  
  117  7:52  Marine x3  
  117  7:53  SCV x2, Widow Mine  
  117  7:56  Marine  
  125  8:00  Marine  
  125  8:06  Medivac x2, Marine  
  125  8:08  Supply Depot  
  125  8:09  Supply Depot, Terran Infantry Armor Level 2, Terran Infantry Weapons Level 2  
  125  8:10  Terran Vehicle And Ship Armor Level 1  
  129  8:15  Marine  
  130  8:21  Barracks Reactor  
  130  8:24  Widow Mine  
  132  8:27  Marine  
  132  8:31  Supply Depot  
  132  8:33  Command Center  
  134  8:35  Marine  
  134  8:38  Sensor Tower  
  134  8:40  Drilling Claws  
  136  8:43  Thor  
  136  8:45  Marine  
  139  8:49  Barracks Reactor, Marine  
  139  8:52  Widow Mine x2  
  139  8:53  Marine x4  
  148  9:01  Missile Turret  
  146  9:03  Marine  
  146  9:04  Marine  
  146  9:08  Barracks x2  
  148  9:10  Barracks  
  148  9:13  Widow Mine x2  
  148  9:15  Marine  
  152  9:17  Marine  
  152  9:19  Marine  
  152  9:21  Marine  
  155  9:24  Sensor Tower  
  155  9:27  Supply Depot  
  155  9:28  Widow Mine  
  157  9:44  Medivac x2, Marine x4  
  157  9:45  Widow Mine x2  
  159  9:49  Supply Depot, Planetary Fortress  
  153  9:57  Marine x2  
  153  9:58  Marine x3  
  153  10:02  Marine  
  153  10:03  Widow Mine  
  153  10:04  Marine  
  153  10:06  Marine x2  
  158  10:07  Marine x4  
  158  10:10  Widow Mine  
  158  10:12  SCV  
  158  10:13  Missile Turret  
  160  10:15  Marine  
  160  10:20  Marine  
  164  10:25  Thor  
  164  10:26  Terran Infantry Weapons Level 3  
  164  10:27  Terran Infantry Armor Level 3  
  168  10:29  Widow Mine  
  168  10:33  SCV x2  
  168  10:34  Marine x3  
  173  10:35  Marine  
  173  10:37  Marine x2  
  173  10:40  Widow Mine  
  171  10:42  Marine  
  171  10:43  Marine x3  
  171  10:47  Marine  
  171  10:48  Marine  
  171  10:49  Marine  
  175  10:51  Widow Mine  
  175  10:52  Marine  
  175  10:56  Marine  
  174  11:01  Orbital Command, Widow Mine  
  174  11:02  Marine  
  160  11:05  Marine  
  160  11:08  Widow Mine  
  160  11:09  Marine  
  154  11:12  Widow Mine  
  150  11:18  Marine  
  150  11:22  Medivac, Widow Mine  
  150  11:23  Marine  
  155  11:27  Barracks Tech Lab  
  155  11:29  Thor  
  155  11:30  Command Center  
  161  11:34  Bunker, Widow Mine  
  159  11:40  SCV  
  159  11:41  SCV  
  159  11:43  SCV x2  
  159  11:45  Sensor Tower  
  159  11:47  Widow Mine  
  164  11:52  Supply Depot  
  164  11:53  SCV  
  164  11:54  Marauder  
  164  11:56  Marine  
  164  11:58  Marine  
  164  11:59  SCV  
  164  12:01  Marine  
  164  12:02  SCV, Marine  
  164  12:03  SCV, Widow Mine  
  164  12:08  Widow Mine  
  168  12:12  Marine  
  168  12:13  Widow Mine  
  168  12:14  Medivac x2  
  168  12:15  Marauder  
  168  12:17  Marine  
  169  12:22  Concussive Shells, Supply Depot  
  169  12:23  Missile Turret  
  169  12:25  Widow Mine  
  169  12:27  Sensor Tower  
  169  12:28  Missile Turret x2  
  169  12:29  Widow Mine  
  173  12:31  Barracks Tech Lab x2  
  173  12:32  Marine  
  173  12:33  Marine  
  173  12:34  Widow Mine  
  173  12:35  Marine x2  
  176  12:44  Medivac x2, Orbital Command  
  176  12:45  Marine  
  176  12:46  Widow Mine  
  176  12:50  Marauder, Marine  
  176  12:51  Widow Mine  
  184  12:54  Marauder, Marine x2  
  184  12:55  Marauder, Marine x2, Widow Mine  
  184  12:56  Marine  
  184  12:58  Marine  
  182  12:59  Marine  
  182  13:01  Marine  
  183  13:12  Planetary Fortress  
  171  13:28  SCV  
  171  13:29  Missile Turret  
  171  13:31  Missile Turret  
  171  13:32  Barracks, Hi-Sec Auto Tracking  
  171  13:34  Marauder x3, Widow Mine  
  171  13:39  Marine  
  171  13:41  Widow Mine  
  179  13:46  Widow Mine  
  168  13:50  Marine x2  
  168  13:54  Marine  
  168  13:55  Marine  
  155  13:56  Marauder x2, Widow Mine, Marine x2  
  155  13:57  Marine x3  
  155  14:00  Orbital Command  
  155  14:02  Widow Mine  
  168  14:03  Marauder  
  168  14:05  SCV x2  
  168  14:07  Widow Mine  
  168  14:08  SCV  
  175  14:10  Supply Depot  
  175  14:12  SCV  
  176  14:19  Armory  
  172  14:24  Marine  
  172  14:25  SCV, Marauder, Widow Mine x2  
  172  14:28  SCV  
  172  14:29  SCV  
  179  14:35  Supply Depot  
  179  14:39  SCV  
  179  14:41  SCV, Medivac x2, Widow Mine  
  179  14:42  Supply Depot  
  186  14:46  SCV  
  187  14:53  SCV  
  187  14:57  Marauder x2  
  191  15:02  Marine  
  191  15:03  Marine x2, Widow Mine  
  194  15:07  SCV, Widow Mine  
  194  15:08  SCV x2  
  194  15:13  Widow Mine  
  182  15:20  Marauder x2  
  182  15:21  SCV  
  177  15:22  Marauder  
  177  15:25  Widow Mine  
  178  15:28  Widow Mine  
  178  15:34  Widow Mine  
  175  15:40  Marine  

Tags
 
Add a new tag
Caveats
  • Supply blocks, unpowered buildings, or Contaminate may cause inaccurate times.
  • Supply counts are checked every 10 seconds.